AoeStats
← Walid93

Arabia

510085954Analyzed
1v1 RM · 2d ago on Sep 29, 2026· 74m 51s· 2 players
Game mode
Random Map
Map size
Tiny (2 player)
Population
200
Speed
Normal
Resources
Standard
Victory
Conquest
Starting age
Dark Age
Ending age
Imperial Age
RankedLock teamsTeams togetherTeam positionsShared explorationLock speedFull tech treeHidden civsTurbo modeCheats
Victory
Defeat
🇬🇧 Goths · United Kingdom
1163
+16
🇨🇭 Danes · Switzerland
1158
-16
Walid93
7:03 Loom
10:32 Feudal Age
15:37 Castle Age
21:54 Double-Bit Axe
24:19 Scale Mail Armor
25:11 Bow Saw
25:31 Fletching
27:15 Gold Mining
29:19 Forging
29:30 Chain Mail Armor
34:02 Iron Casting
33:30 Squires
35:39 Man-at-Arms
37:15 Bodkin Arrow
39:55 Horse Collar
40:50 Gold Shaft Mining
40:57 Wheelbarrow
45:10 Imperial Age
44:28 Stone Mining
46:09 Siege Engineers
45:37 Onager
46:53 Hand Cart
46:24 Town Watch
46:41 Heavy Plow
47:01 Scale Barding Armor
47:57 Blast Furnace
47:31 Siege Onager
48:44 Bloodlines
48:35 Husbandry
48:17 Light Cavalry
49:52 Town Patrol
50:20 Chain Barding Armor
51:33 Elite Jomsviking
54:16 Bracer
56:12 Plate Mail Armor
56:05 Conscription
57:47 Padded Archer Armor
58:22 Man-at-Arms
58:48 Gambesons
59:42 Long Swordsman
60:13 Arson
60:51 Two-Handed Swordsman
62:36 Stone Shaft Mining
62:36 Gold Shaft Mining
64:00 Ballistics
64:41 Chemistry
63:14 Champion
66:53 Elite Varangian Guard
68:13 Hoardings
68:38 Hamask
68:44 Pikeman
70:15 Elite Skirmisher
Lord Reed 5th
7:44 Loom
9:39 Feudal Age
9:40 Man-at-Arms
23:24 Castle Age
21:33 Double-Bit Axe
22:04 Horse Collar
26:33 Long Swordsman
27:14 Squires
28:11 Scale Mail Armor
28:22 Forging
29:27 Bow Saw
31:24 Chain Mail Armor
38:04 Iron Casting
43:14 Imperial Age
41:18 Stone Mining
41:53 Heavy Plow
45:12 Chemistry
44:55 Wheelbarrow
44:06 Town Watch
45:36 Conscription
47:01 Two-Man Saw
46:50 Ballistics
46:36 Two-Handed Swordsman
47:09 Fletching
48:10 Hand Cart
49:06 Blast Furnace
49:01 Crop Rotation
48:22 Elite Huskarl
49:30 Pikeman
51:00 Halberdier
52:46 Bodkin Arrow
55:50 Light Cavalry
56:40 Bloodlines
56:31 Husbandry
56:27 Hussar
57:41 Scale Barding Armor
57:36 Bracer
57:37 Padded Archer Armor
57:24 Champion
70:40 Anarchy
73:09 Capped Ram
Connection lost

Rejoining the realm…

Still unreachable

The connection could not be restored.

Session expired

The server has moved on; the page needs a fresh start.